 Dungeon Crawl Stone Soup version 0.24-a0-201-gf205589 (webtiles) character file.

Game seed: 10807094551354840445

11547 Borgoz the Slicer (level 11, 0/66 HPs)
             Began as a Gargoyle Gladiator on Mar 25, 2019.
             Was a Priest of Ashenzari.
             Slain by a frost giant
             ... wielding a +1 battleaxe of freezing
              (8 damage)
             ... on level 11 of the Dungeon.
             The game lasted 00:23:57 (11754 turns).

Borgoz the Slicer (Gargoyle Gladiator)             Turns: 11754, Time: 00:23:58

Health: 0/66       AC: 19    Str: 18    XL:     11   Next: 79%
Magic:  0/26       EV: 15    Int:  9    God:    Ashenzari [***...]
Gold:   563        SH:  0    Dex: 14    Spells: 12/18 levels left

rFire    + . .     SeeInvis +   D - +2 dagger (drain)
rCold    . . .     Gourm    .   (no shield)
rNeg     + . .     Faith    .   J - +1 ring mail {rF+}
rPois    ∞         Spirit   +   c - +2 helmet
rElec    +         Reflect  .   h - scarf {Spirit} (curse)
rCorr    .         Harm     .   (no gloves)
MR       .....                  I - +0 pair of boots
Stlth    +++.......             (no amulet)
HPRegen  0.21/turn              A - ring of see invisible
MPRegen  0.20/turn              K - ring of magical power

@: very slightly contaminated, invisible
A: negative energy resistance 1, electricity resistance, unbreathing,
petrification resistance, rot immunity, AC +8
a: Curse Item, Scrying, Renounce Religion


You were on level 11 of the Dungeon.
You worshipped Ashenzari.
Ashenzari was most pleased with you.
You were hungry.

You visited 2 branches of the dungeon, and saw 12 of its levels.

You collected 563 gold pieces.

Inventory:

Hand Weapons
 a - a +0 rapier
 n - a +0 rapier
 D - a +2 dagger of draining (weapon)
 L - a +1 dagger of holy wrath
 Q - a +5 blowgun
 R - a +1 short sword of venom
 T - a +1 dagger of chaos
Missiles
 k - 9 javelins
 P - 5 tomahawks
 S - 9 curare-tipped needles
 U - a throwing net (quivered)
Armour
 c - a +2 helmet (worn)
 h - a cursed scarf of spirit shield (worn)
 H - a scarf of resistance
 I - a +0 pair of boots (worn)
 J - a +1 ring mail of fire resistance (worn)
Jewellery
 b - an uncursed ring of ice
 p - an uncursed ring of ice
 A - a ring of see invisible (left hand)
 K - a ring of magical power (right hand)
 N - an uncursed ring of ice
Wands
 l - a wand of iceblast (1)
 o - a wand of polymorph (6)
 r - a wand of scattershot (1)
 v - a wand of disintegration (14)
 F - a wand of paralysis (1)
 G - a wand of flame (28)
Scrolls
 g - a scroll of identify
 q - 7 scrolls of remove curse
 s - 4 scrolls of fear
 t - a scroll of enchant armour
 y - 7 scrolls of teleportation
 O - a scroll of magic mapping
 X - a scroll of acquirement {unknown}
Potions
 e - 2 potions of heal wounds
 i - 2 potions of might
 j - 3 potions of lignification
 m - 3 potions of curing
 u - a potion of cancellation
 w - a potion of brilliance
 x - a potion of invisibility
 z - 4 potions of resistance
 B - 2 potions of ambrosia
 C - a potion of magic
 E - a potion of agility
 M - 2 potions of mutation
 V - a potion of berserk rage {unknown}
Comestibles
 d - 6 chunks of flesh
 f - 22 rations


   Skills:
 + Level 6.8 Fighting
 * Level 8.0 Short Blades
 + Level 5.0 Throwing
 + Level 6.2 Armour
 * Level 7.3 Dodging
 + Level 6.7 Stealth
 + Level 4.4 Spellcasting
 + Level 3.6 Hexes
 + Level 2.7 Ice Magic
 + Level 4.5 Evocations


You had 12 spell levels left.
You knew the following spells:

 Your Spells              Type           Power        Failure   Level  Hunger
a - Confusing Touch       Hex            #.....       10%         1    #......
b - Ensorcelled Hibernat  Hex/Ice        #.....       19%         2    ###....
c - Confuse               Hex            #.......     30%         3    ###....

Your spell library contained the following spells:

 Spells                   Type           Power        Failure   Level  Hunger
 Corona                   Hex            #......      10%         1    #......
 Freeze                   Ice            #...         14%         1    #......
 Tukima's Dance           Hex            #.......     30%         3    ###....
 Throw Frost              Conj/Ice       #.....       36%         2    ###....
 Animate Skeleton         Necr           N/A          41%         1    #......
 Apportation              Tloc           #.....       41%         1    #......
 Magic Dart               Conj           #...         41%         1    #......
 Shock                    Conj/Air       #...         41%         1    #......
 Summon Small Mammal      Summ           #...         41%         1    #......
 Searing Ray              Conj           #.....       54%         2    ###....
 Swiftness                Chrm/Air       #.......     54%         2    ###....
 Dazzling Spray           Conj/Hex       #.....       54%         3    ###....
 Ozocubu's Armour         Chrm/Ice       #.......     58%         3    ###....
 Static Discharge         Conj/Air       #.......     78%         3    ###....
 Fulminant Prism          Conj/Hex       #.........   91%         4    #####..
 Summon Ice Beast         Ice/Summ       #.......     94%         4    #####..
 Throw Icicle             Conj/Ice       #.......     94%         4    #####..
 Airstrike                Air            #.........   99%         4    #####..
 Force Lance              Conj/Tloc      #.......     99%         4    #####..
 Iskenderun's Mystic Bla  Conj           #.......     99%         4    #####..
 Lightning Bolt           Conj/Air       #.........   100%        5    ######.


Dungeon Overview and Level Annotations

Branches:
Dungeon (11/15)            Temple (1/1) D:4            Lair (0/6) D:11
    Orc (0/2) D:10

Altars:
Ashenzari
Cheibriados
Dithmenos
Elyvilon
Fedhas
Gozag
Hepliaklqana
Kikubaaqudgha
Makhleb
Nemelex Xobeh
Okawaru
Qazlal
Ru
Sif Muna
Trog
Uskayaw
Vehumet
Wu Jian
Xom
Yredelemnul
Zin
The Shining One

Annotations:
D:11 1 runed translucent door


Innate Abilities, Weirdness & Mutations

You are resistant to torment.
Your stone body is resilient. (AC +8)
You are immune to poison.
You resist negative energy. (rN+)
You are resistant to electric shocks. (rElec)
You can survive without breathing.
You are immune to petrification.
You are immune to rotting.


Message History

The frost giant points at you and mumbles some strange words.
The bolt of cold misses you. The frost giant casts a spell at you.
The bolt of cold hits you!!
* * * LOW HITPOINT WARNING * * *
You see here the uncursed robe of Undesirable Species {MP+9}.
You feel much better.
The frost giant points at you and mumbles some strange words.
The bolt of cold misses you.
You're too confused to move!
You feel less invigorated.
You feel less confused.
The frost giant gestures at you while chanting.
The bolt of cold hits you!!!
Ouch! That really hurt!
* * * LOW HITPOINT WARNING * * *
You feel much better.
The frost giant hits you with a +1 battleaxe of freezing!!
* * * LOW HITPOINT WARNING * * *
The frost giant freezes you!
You die...

#≈≈≈≈≈≈≈≈≈#.[.##.............
,,
#≈≈≈≈≈≈≈≈≈#(.(##.............
#8≈≈≈≈≈≈≈8#...#..............
#####'#####..?#..............
#.........'.>.#.......#......
,
#.........#...#.......#......
* ,
+..#####(.#############......
,#..****#..'...##..........###
* #.
.......#.@.##............. +
.......#.C.##.............
**##+##+#######.............
*, , , ,*#.........(... , , ,
* , , , #############. * , ##
**


You could see a frost giant.

Vanquished Creatures
  A hydra (D:8)
  A two-headed ogre (D:10)
  Sonja (D:11)
  A manticore (D:11)
  A centaur zombie (D:10)
  Joseph (D:9)
  Psyche (D:11)
  6 hippogriffs
  2 dream sheep (D:8)
  A vampire (D:11)
  13 yaks
  A wyvern (D:11)
  A steam dragon (D:8)
  A hungry ghost (D:8)
  2 orc warriors
  4 ice beasts
  A phantom (D:11)
  2 sky beasts
  5 ogres
  A centaur (D:6)
  5 big kobolds
  6 bullfrogs
  A gnoll sergeant (D:8)
  2 scorpions
  5 wights (D:10)
  4 killer bees (D:10)
  4 electric eels (D:7)
  3 howler monkeys (D:9)
  A crimson imp (D:6)
  8 orc priests
  9 hounds
  2 centaur skeletons
  12 orc wizards
  8 iguanas
  8 worker ants
  A hound skeleton (D:4)
  2 worker ant zombies
  A howler monkey skeleton (D:5)
  6 gnolls
  12 adders
  A shadow imp (D:9)
  A white imp (D:5)
  2 oozes
  2 worms
  6 dart slugs
  6 leopard geckos
  23 orcs
  8 bats
  6 giant cockroaches
  2 gnoll zombies (D:7)
  10 goblins
  8 hobgoblins
  2 jackals (D:11)
  7 quokkas
  3 ball pythons
  6 frilled lizards
  2 goblin skeletons (D:5)
  A goblin zombie (D:5)
  A hobgoblin zombie (D:5)
  15 kobolds
  A kobold skeleton (D:5)
  2 kobold zombies (D:5)
  2 orc skeletons (D:5)
  10 rats
274 creatures vanquished.

Vanquished Creatures (others)
  An orc (D:8)
1 creature vanquished.

Grand Total: 275 creatures vanquished

Notes
Turn   | Place    | Note
-------+----------+-------------------------------------------
     0 | D:1      | Borgoz the Gargoyle Gladiator began the quest for the Orb.
     0 | D:1      | Reached XP level 1. HP: 12/12 MP: 1/1
    40 | D:1      | Reached XP level 2. HP: 16/17 MP: 2/2
   130 | D:1      | Reached skill level 3 in Short Blades
   220 | D:1      | Reached XP level 3. HP: 10/22 MP: 3/3
   793 | D:2      | Reached skill level 1 in Stealth
   848 | D:2      | Found a white marble altar of Elyvilon.
   909 | D:2      | Reached skill level 1 in Armour
  1096 | D:2      | Reached XP level 4. HP: 27/27 MP: 4/4
  1142 | D:2      | Found an iron altar of Okawaru.
  1523 | D:3      | Reached XP level 5. HP: 28/31 MP: 5/5
  1954 | D:4      | Found a staircase to the Ecumenical Temple.
  1967 | Temple   | Entered the Ecumenical Temple
  2029 | Temple   | Became a worshipper of Ashenzari the Shackled
  2069 | D:4      | Noticed an ogre
  2074 | D:4      | Killed an ogre
  2074 | D:4      | Reached XP level 6. HP: 37/37 MP: 6/6
  2175 | D:4      | Reached skill level 4 in Short Blades
  2662 | D:5      | Entered Level 5 of the Dungeon
  2849 | D:4      | Reached XP level 7. HP: 3/41 MP: 1/8
  3156 | D:5      | Found a glowing golden altar of the Shining One.
  3387 | D:5      | Reached skill level 1 in Evocations
  3543 | D:5      | Reached skill level 1 in Spellcasting
  3703 | D:5      | Found a hide-covered altar of Uskayaw.
  3745 | D:5      | Reached * piety under Ashenzari
  4046 | D:6      | Reached XP level 8. HP: 46/48 MP: 8/10
  4390 | D:6      | Reached skill level 5 in Short Blades
  4721 | D:7      | Found a bloodstained altar of Trog.
  4826 | D:7      | Found a sacrificial altar of Ru.
  5037 | D:7      | Found a shadowy altar of Dithmenos.
  5357 | D:7      | Reached skill level 5 in Dodging
  6000 | D:7      | Found a basalt altar of Yredelemnul.
  6007 | D:7      | Learned a level 1 spell: Confusing Touch
  6237 | D:7      | Reached XP level 9. HP: 22/52 MP: 8/11
  6698 | D:8      | Reached skill level 1 in Hexes
  6710 | D:8      | Reached skill level 5 in Fighting
  6710 | D:8      | Reached skill level 6 in Short Blades
  6927 | D:8      | Noticed a three-headed hydra
  6933 | D:8      | Killed a three-headed hydra
  6933 | D:8      | Reached skill level 5 in Stealth
  6933 | D:8      | Reached XP level 10. HP: 51/59 MP: 10/14
  7616 | D:8      | Learned a level 2 spell: Ensorcelled Hibernation
  7620 | D:8      | Learned a level 3 spell: Confuse
  7731 | D:8      | Reached skill level 5 in Armour
  8009 | D:9      | Reached ** piety under Ashenzari
  8021 | D:9      | Noticed Joseph
  8030 | D:9      | Killed Joseph
  8178 | D:9      | Reached skill level 7 in Short Blades
  8525 | D:9      | Reached skill level 1 in Ice Magic
  8589 | D:9      | Found a shimmering altar of Xom.
  9115 | D:10     | Entered Level 10 of the Dungeon
  9115 | D:10     | Noticed a two-headed ogre
  9368 | D:10     | Reached XP level 11. HP: 60/64 MP: 16/16
  9653 | D:10     | Killed a two-headed ogre
 10123 | D:10     | Found a staircase to the Orcish Mines.
 10605 | D:11     | Noticed a two-headed ogre
 10606 | D:11     | Noticed a phantasmal warrior
 10609 | D:11     | Noticed Sonja
 10621 | D:11     | Killed Sonja
 10673 | D:11     | Noticed a fire crab
 10689 | D:11     | Found a runed translucent door.
 10741 | D:11     | Noticed a manticore
 10786 | D:11     | Killed a manticore
 10976 | D:11     | Reached *** piety under Ashenzari
 11185 | D:11     | Found a staircase to the Lair.
 11508 | D:11     | Noticed Psyche
 11524 | D:11     | Killed Psyche
 11524 | D:11     | Reached skill level 8 in Short Blades
 11524 | D:11     | Reached skill level 5 in Throwing
 11739 | D:11     | Noticed a frost giant
 11754 | D:11     | Slain by a frost giant

Levels and vault maps discovered:
D:1:      lightli_arrival_windingriver, layout_loops_ring
D:2:      layout_basic, lemuel_crystal_altar, elyvilon_altar_3
D:3:      layout_rooms
D:4:      layout_loops_cross, minmay_temple_entry_hall, first_ration,
          minmay_statues_item
D:5:      layout_cave_pools, lemuel_crystal_altar, nicolae_tso_besieged_by_evil
D:6:      layout_gridville
D:7:      layout_loops_ring, nicolae_ru_path_of_blood, bloody_trog,
          lemuel_zombie_altar_yredelemnul, kennysheep_little_box,
          chequers_big_river
D:8:      layout_basic, hangedman_ranch [blue_anna_fruit_fields],
          lemuel_another_geyser
D:9:      layout_loops_ring, xom_teletrap_fun, hangedman_decor_push, uniq_joseph
D:10:     layout_layer_cave, orc_0_dummy, hive_lemuel
D:11:     layout_grid_maze, lair_entry_dummy, serial_co_window_serial,
          co_window_paths_a, co_window_of_opportunity_a, co_window_cross_1,
          co_window_corner_a, co_window_of_opportunity_a, co_window_broadway_c,
          co_window_cross_4, co_window_2corner, co_window_2corner,
          glass_columns_a, glass_columns_a, minmay_st_funbox, evilmike_minifort,
          uniq_psyche, uniq_sonja
Temple:   eino_temple_lava

Skill      XL: |  1  2  3  4  5  6  7  8  9 10 11 |
---------------+----------------------------------+-----
Short Blades   | 3 4 5 6 7 8 |  8.0
Stealth        | 1 2 3 4 5 6 |  6.7
Dodging        | 3 4 5 6 7 |  7.3
Armour         | 1 2 3 4 5 6 |  6.2
Fighting       | 3 4 5 6 |  6.8
Throwing       | 2 3 4 5 |  5.0
Evocations     | 1 2 3 4 |  4.5
Spellcasting   | 1 2 3 4 |  4.4
Hexes          | 2 3 |  3.6
Ice Magic      | 1 2 |  2.7

Action                   |  1- 3 |  4- 6 |  7- 9 | 10-12 || total
-------------------------+-------+-------+-------+-------++-------
Melee: Rapier            |   105 |   218 |   578 |   324 ||  1225
       Dagger            |       |       |       |   667 ||   667
Throw: Throwing net      |       |       |       |     4 ||     4
       Javelin           |       |       |       |     1 ||     1
 Cast: Confusing Touch   |       |       |       |    10 ||    10
Invok: Curse Item        |       |       |     1 |       ||     1
Evoke: Wand              |       |     2 |     3 |     7 ||    12
  Use: Scroll            |       |    11 |       |    11 ||    22
       Potion            |       |       |     2 |     5 ||     7
 Stab: Sleeping          |     2 |     5 |       |     6 ||    13
       Distracted        |     1 |       |       |     1 ||     2
       Paralysed         |       |       |     3 |     3 ||     6
       Confused          |       |       |       |     7 ||     7
       Held in net/web   |       |       |       |     2 ||     2
  Eat: Chunk             |     1 |     6 |    14 |    19 ||    40
       Ration            |       |       |       |     1 ||     1
Armor: Leather armour    |    27 |    71 |       |       ||    98
       Scale mail        |       |     9 |   346 |   122 ||   477
       Ring mail         |       |       |       |   304 ||   304
Dodge: Dodged            |    57 |   127 |   399 |   607 ||  1190

Table legend:
 A = Non-vault XP
 B = Vault XP
 C = Vault XP percentage of total XP
 D = Non-vault monster count
 E = Vault monster count
 F = Vault count percentage of total count
                 A         B        C        D         E       F
            +---------+---------+-------+---------+---------+-------
      Total |   12554 |    3943 |  23.9 |     251 |      23 |   8.4
            +---------+---------+-------+---------+---------+-------
        D:1 |      46 |       0 |   0.0 |      26 |       0 |   0.0
        D:2 |      55 |       0 |   0.0 |      21 |       0 |   0.0
        D:3 |     131 |       0 |   0.0 |      28 |       0 |   0.0
        D:4 |     495 |       0 |   0.0 |      15 |       0 |   0.0
        D:5 |     270 |      19 |   6.6 |      18 |      10 |  35.7
        D:6 |     756 |       0 |   0.0 |      13 |       0 |   0.0
        D:7 |     671 |       4 |   0.6 |      20 |       2 |   9.1
        D:8 |    1359 |    2209 |  61.9 |      32 |       8 |  20.0
        D:9 |    2325 |     445 |  16.1 |      30 |       1 |   3.2
       D:10 |    3624 |       0 |   0.0 |      26 |       0 |   0.0
       D:11 |    2822 |    1266 |  31.0 |      22 |       2 |   8.3
            +---------+---------+-------+---------+---------+-------
